General information
- name: BNet
- type: Ladder 1vs1/FFA
- host: Battle.net
- saver: Dexanth
map: ScorchedBasin
- players: 2
- length: 09:41
- speed: Fast
- version: 1.21 W3XP
- replay type: Public
» download(36 KB)
Players
team 1 (winner)
CUrazy (
yellow | 125 APM | 1214 actions | 09:41)
3 Blademaster
2 Wind Walk
1 Critical Strike
1 Shadow Hunter
1 Hex
» actions
| Assign group hotkey | 98 | |
| Basic commands | 23 | |
| Build / train | 37 | |
| Enter build submenu | 12 | |
| Enter hero's abilities submenu | 4 | |
| Give item / drop item | 3 | |
| Right click | 622 | |
| Select / deselect | 266 | |
| Select group hotkey | 117 | |
| Use ability | 32 | |
1214 total
» units
| Peon | 8 | |
| Grunt | 4 | |
| Raider | 1 | |
| Spirit Walker | 1 | |
14 total
» upgrades
| Berserker Strength | 1 | |
| Ensnare | 1 | |
| Spirit Walker Training | 1 | |
3 total
» buildings
| Altar of Storms | 1 | |
| Orc Burrow | 4 | |
| Voodoo Lounge | 1 | |
| Stronghold | 2 | |
| Barracks | 2 | |
| Beastiary | 1 | |
| Spirit Lodge | 1 | |
12 total
» build order
00:06 Altar of Storms
00:18 Orc Burrow
01:03 Voodoo Lounge
01:46 Orc Burrow
02:25 Stronghold
02:25 Stronghold
02:55 Barracks
03:11 Barracks
06:07 Orc Burrow
06:10 Beastiary
06:16 Spirit Lodge
08:34 Orc Burrow
» items
| Lesser Clarity Potion | 4 | |
| Healing Salve | 3 | |
| Boots of Speed | 1 | |
| Staff of Teleportation | 1 | |
| Dust of Appearance | 1 | |
10 total
team 2 (loser)
Dexanth (
red | 102 APM | 993 actions | 09:41)
2 Demon Hunter
1 Mana Burn
1 Evasion
1 Keeper of the Grove
1 Entangling Roots
» actions
| Assign group hotkey | 20 | |
| Basic commands | 10 | |
| Build / train | 36 | |
| Enter build submenu | 14 | |
| Enter hero's abilities submenu | 3 | |
| Remove unit from queue | 1 | |
| Right click | 435 | |
| Select / deselect | 171 | |
| Select group hotkey | 264 | |
| Use ability | 39 | |
993 total
» units
| Wisp | 12 | |
| Archer | 8 | |
| Huntress | 1 | |
| Druid of the Talon | 2 | |
23 total
» upgrades
| Druid of the Talon Training | 1 | |
1 total
» buildings
| Altar of Elders | 1 | |
| Moon Well | 3 | |
| Ancient of War | 1 | |
| Ancient of Wonders | 1 | |
| Tree of Ages | 1 | |
| Hunter's Hall | 1 | |
| Tree of Eternity | 1 | |
| Ancient of Wind | 2 | |
11 total
» build order
00:06 Altar of Elders
00:18 Moon Well
00:40 Ancient of War
01:32 Moon Well
02:23 Ancient of Wonders
03:17 Tree of Ages
04:04 Hunter's Hall
04:39 Moon Well
07:15 Tree of Eternity
07:20 Ancient of Wind
08:53 Ancient of Wind
» items
| Staff of Preservation | 2 | |
| Potion of Healing | 1 | |
| Lesser Clarity Potion | 1 | |
4 total
Chat log
(06:51 / All) Dexanth: Whatever
(06:54 / All) Dexanth: I cant win vs maphack
(07:02 / All) CUrazy: ?
(07:07 / All) CUrazy: maphakc?!
(07:12 / All) CUrazy: excuse me..
(07:13 / All) Dexanth: You heard me
(09:37 / All) Dexanth: Yea, screw this
(09:40 / All) Dexanth: Enjoy your banning